 Dungeon Crawl Stone Soup version 0.31-a0-1099-g7fa767f3fe (webtiles) character file.

Game seed: 4069119580843310875

26338 GenChuck the Basher (level 12, -2/102 HPs)
             Began as a Demonspawn Reaver on Dec 1, 2023.
             Was a High Priest of Ashenzari.
             Succumbed to a nagaraja's poison arrow
             ... on level 1 of the Snake Pit.
             The game lasted 01:33:46 (11696 turns).

GenChuck the Basher (Demonspawn Reaver)            Turns: 11696, Time: 01:33:47

Health: -2/102     AC: 25    Str: 17    XL:     12   Next: 97%
Magic:  8/28       EV: 12    Int: 10    God:    Ashenzari [*****.]
Gold:   965        SH: 22    Dex: 19    Spells: 16/21 levels left

rFire   . . .        G - +7 flail of the Esoteric Blue Moon {protect, Cun, Fort} (curse)
rCold   + . .        F - +0 kite shield of Ouranomancy {Self, Range} (curse)
rNeg    + . .        k - +0 ring mail of Ashenzari's Henotheism {MP+9 Int-5 Dex+5, Fort, Comp} (curse)
rPois   .            q - +2 hat of the Mantic Burden {Range, Comp} (curse)
rElec   .            B - +0 cloak of Ashenzari's Apathy {Comp, Alch} (curse)
rCorr   .            (no gloves)
SInv    +            n - +1 pair of boots of Cremastomancy {Self, Alch} (curse)
Will    .....        s - amulet of Ashenzari's Elitism {Reflect SH+5, Range, Alch} (curse)
Stlth   +++          u - ring of Ashenzari's Omen {Wiz rC+ rN+ Dex+3 Slay+3, Melee, Range} (curse)
HPRegen 0.37/turn    (no ring)
MPRegen 0.42/turn

%: reflection, clarity, guardian spirit, wizardry (x1)
@: lethally poisoned (-2 -> -26), untranslocatable, under a protective aura,
constricted
A: horns 2, thin metallic scales 1, icemail 1, magic shield, magic regeneration,
condensation shield
a: Renounce Religion, Shatter the Chains


You were on level 1 of the Snake Pit.
You worshipped Ashenzari.
Ashenzari was extremely pleased with you.
You visited 4 branches of the dungeon, and saw 13 of its levels.

You collected 965 gold pieces.

Inventory:

Hand Weapons
 a - a +1 mace of venom
 x - a +1 war axe of electrocution
 G - the cursed +7 flail of the Esoteric Blue Moon (weapon) {protect, Cun, Fort}
   (You took it off Edmund on level 5 of the Dungeon)

   It has a curse which improves the following skills: Cunning: Dodging and
   Stealth.
   Fortitude: Armour and Shields.
 P - a +5 dagger
 Q - a +4 mace
 R - a +3 scimitar
 S - a +5 scimitar
 V - a +0 glaive
Missiles
 e - a throwing net
 h - 10 boomerangs (quivered)
Armour
 b - a +0 leather armour
 k - the cursed +0 ring mail of Ashenzari's Henotheism (worn) {MP+9 Int-5 Dex+5, Fort, Comp}
   (You found it on level 2 of the Dungeon)

   Int-5:     It affects your intelligence (-5).
   Dex+5:     It affects your dexterity (+5).
   MP+9:      It affects your magic capacity (+9).
   It has a curse which improves the following skills: Fortitude: Armour and
   Shields.
   Companions: Summonings and Necromancy.
 n - the cursed +1 pair of boots of Cremastomancy (worn) {Self, Alch}
   (You found it on level 2 of the Dungeon)

   It has a curse which improves the following skills: Introspection: Fighting
   and Spellcasting.
   Alchemy:   Poison Magic and Transmutations.
 q - the cursed +2 hat of the Mantic Burden (worn) {Range, Comp}
   (You found it on level 3 of the Dungeon)

   It has a curse which improves the following skills: Ranged Combat: Ranged
   Weapons and Throwing.
   Companions: Summonings and Necromancy.
 B - the cursed +0 cloak of Ashenzari's Apathy (worn) {Comp, Alch}
   (You found it on level 4 of the Dungeon)

   It has a curse which improves the following skills: Companions: Summonings
   and Necromancy.
   Alchemy:   Poison Magic and Transmutations.
 F - the cursed +0 kite shield of Ouranomancy (worn) {Self, Range}
   (You found it on level 5 of the Dungeon)

   It has a curse which improves the following skills: Introspection: Fighting
   and Spellcasting.
   Ranged Combat: Ranged Weapons and Throwing.
 T - the +0 toga "Victory" {*Victory Clar}
   (You found it on level 8 of the Dungeon)

   *Victory:  When the wearer kills a threatening monster, it has a chance to
   gain +1 AC, +1 Slay, and +1 Int, capping at +7.
   When the wearer uses a scroll or a potion with a hostile monster in sight,
   its bonuses reset to +0.
   Unequipping it also resets its bonuses to +0.
   Clar:      It protects you from confusion, rage, mesmerisation and fear.
 X - a scarf of resistance
Jewellery
 s - the cursed amulet of Ashenzari's Elitism (around neck) {Reflect SH+5, Range, Alch}
   (You found it on level 3 of the Dungeon)

   [amulet of reflection]

   Reflect:   It reflects blocked missile attacks.
   SH+5:      It affects your SH (+5).
   It has a curse which improves the following skills: Ranged Combat: Ranged
   Weapons and Throwing.
   Alchemy:   Poison Magic and Transmutations.
 u - the cursed ring of Ashenzari's Omen (left hand) {Wiz rC+ rN+ Dex+3 Slay+3, Melee, Range}
   (You found it on level 3 of the Dungeon)

   [ring of wizardry]

   Wiz:       It improves your spell success rate.
   Dex+3:     It affects your dexterity (+3).
   Slay+3:    It affects your accuracy & damage with ranged weapons and melee
   (+3).
   rC+:       It protects you from cold.
   rN+:       It protects you from negative energy.
   It has a curse which improves the following skills: Melee Combat: Short
   Blades, Long Blades, Axes, Maces & Flails, Polearms, Staves and Unarmed
   Combat.
   Ranged Combat: Ranged Weapons and Throwing.
 J - an amulet of reflection
 U - an amulet of the acrobat
Wands
 z - a wand of charming (5)
 H - a wand of digging (2)
 L - a wand of mindburst (18)
 M - a wand of roots (14)
Scrolls
 c - 3 scrolls of blinking
 d - 3 scrolls of teleportation
 j - 3 scrolls of enchant weapon
 l - 5 scrolls of revelation
 m - 5 scrolls of fog
 o - 3 scrolls of enchant armour
 r - 2 scrolls of brand weapon
 y - 2 scrolls of amnesia
 C - 2 scrolls of poison
 O - 3 scrolls of immolation
 W - 3 scrolls of identify
 Y - 2 scrolls of torment
 Z - a scroll of vulnerability
Potions
 f - a potion of invisibility
 g - a potion of berserk rage
 i - 2 potions of haste
 p - 6 potions of brilliance
 v - 2 potions of mutation
 w - 2 potions of enlightenment
 A - 3 potions of curing
 D - a potion of lignification
 E - a potion of magic
 I - a potion of cancellation
 K - a potion of resistance
 N - 3 potions of might


   Skills:
 + Level 8.8(12.0) Fighting
 + Level 4.7(10.3) Axes
 + Level 12.2(14.6) Maces & Flails
 + Level 1.6(4.8) Throwing
 + Level 5.2(8.3) Armour
 + Level 6.4(8.6) Dodging
 + Level 4.0(6.0) Stealth
 + Level 9.9(13.1) Shields
 + Level 2.5(5.0) Spellcasting
 + Level 3.5 Conjurations
 + Level 0.6(2.4) Necromancy
 + Level 0.8 Evocations


You had 16 spell levels left.
You knew the following spells:

 Your Spells              Type           Power      Damage    Failure   Level
a - Kiss of Death         Conj/Necr      32%        2d7       9%          1
b - Dazzling Flash        Conj/Hex       12%        N/A       34%         3
c - Shock                 Conj/Air       24%        1d4       13%         1

Your spell library contained the following spells:

 Spells                   Type           Power      Damage    Failure   Level
 Momentum Strike          Conj/Tloc      12%        3d8       21%         2
 Hailstorm                Conj/Ice       6%         3d4       36%         3
 Blink                    Tloc           4%         N/A       38%         2
 Swiftness                Air            2%         N/A       58%         3
 Volatile Blastmotes      Fire/Tloc      4%         2d10      58%         3
 Airstrike                Air            1%         2d(1-17)  92%         4
 Manifold Assault         Tloc           2%         N/A       92%         4
 Borgnjor's Vile Clutch   Necr/Erth      2%         N/A       98%         5
 Alistair's Intoxication  Tmut/Pois      2%         N/A       99%         5
 Eringya's Noxious Bog    Tmut/Pois      1%         4d6       100%        6
 Starburst                Conj/Fire      3%         6d3       100%        6
 Maxwell's Capacitive Co  Air            1%         ∞         100%        8


Dungeon Overview and Level Annotations

Branches:
Dungeon (9/15)             Temple (1/1) D:6            Lair (2/5) D:9
 Shoals (0/4) Lair:2        Snake (1/4) Lair:2
    Orc: D:9-12

Altars:
Ashenzari
Cheibriados
Dithmenos
Fedhas
Gozag
Hepliaklqana
Kikubaaqudgha
Makhleb
Nemelex Xobeh
Okawaru
Qazlal
Ru
Sif Muna
Trog
Uskayaw
Vehumet
Wu Jian
Xom
Yredelemnul

Annotations:
D:2 Sigmund
Lair:1 exclusion: oklob plant


Innate Abilities, Weirdness & Mutations

You have a pair of horns on your head.
You are partially covered in thin metallic scales. (AC +2)
A meltable icy envelope protects you from harm. (AC +4)
When hurt, damage is shared between your health and your magic reserves.
You regenerate magic rapidly.
A meltable shield of frost defends you. (SH +4)


Message History

The nagaraja spits poison at you.
You block the splash of poison... and reflect it back!
The splash of poison hits the nagaraja.
The nagaraja constricts you.
You hit the nagaraja.
The nagaraja is heavily wounded.
You feel sick.
The nagaraja no longer looks unusually strong.
The salamander mystic no longer looks unusually strong.
The nagaraja points at you and mumbles some strange words.
The poison arrow hits you!!
You are lethally poisoned!
* * * LOW HITPOINT WARNING * * *
The nagaraja constricts you.
As you read the scroll of fear, it crumbles to dust.
You assume a fearsome visage.
The nagaraja resists with almost no effort.
The shock serpent resists with some effort.
The naga warrior looks frightened!
The salamander mystic looks frightened!
The naga looks frightened!
* * * LOW HITPOINT WARNING * * *
You feel extremely sick.
The nagaraja points at you and mumbles some strange words.
You block the poison arrow... and reflect it back!
The poison arrow hits the nagaraja.
The nagaraja partially resists.
The nagaraja is poisoned.
The nagaraja constricts you.
* * * LOW HITPOINT WARNING * * *
The nagaraja points at you and mumbles some strange words.
The bolt of poison misses you. The nagaraja constricts you.
You barely miss the nagaraja.
The nagaraja is heavily wounded.
* * * LOW HITPOINT WARNING * * *
You feel very sick. The nagaraja spits poison at you.
You block the splash of poison... and reflect it back!
The splash of poison misses the nagaraja.
The naga warrior blocks the splash of poison.
The nagaraja constricts you.
You hit the nagaraja.
The nagaraja is severely wounded.
You die...

#.###,,,,,,,,,* *,,,,# *,
#...,,*#...,*** *,,,.# **,
##.######..##* **,,.###.,
#..).)......## **......,
...######....### *#......,
..## #.......# ####.......,
..# #.......# #..N....#,,,
..# #...#...###S.N#.S.#,,,
##### ####.##...@N.N.#,S.#,,,
#...###.........######,,...,*
....#...##.##..[#**##.,,*...,
....#.####......##....***,..,
.#.#..####.........###***,,#,
......................,,,,**,
....######....####....,,*****
.....######...# *,....,,*
......##....#.# *,,,.****


You could see a nagaraja (fast, very poisoned, catching breath), a naga warrior
(fleeing), a salamander mystic (fleeing), a shock serpent (fast) and a naga
(strong, fleeing).

Vanquished Creatures
  2 hydras
  An anaconda (Snake:1)
  A two-headed ogre (D:8)
  Amaemon (Lair:2)
  2 shock serpents (Snake:1)
  A skyshark (Lair:2)
  2 naga ritualists (Snake:1)
  3 mana vipers (Snake:1)
  A salamander (Lair:2)
  Maurice (D:7)
  Joseph (D:8)
  15 black mambas
  A guardian serpent (Snake:1)
  An orange demon (Lair:2)
  3 naga magi (Snake:1)
  5 cane toads
  4 komodo dragons
  A rime drake (Lair:1)
  A snapping turtle (Lair:2)
  A hornet (Lair:2)
  A wyvern (Lair:1)
  21 yaks
  A water elemental (Lair:2)
  A basilisk (Lair:1)
  A steam dragon (D:7)
  Edmund (D:5)
  7 nagas (Snake:1)
  An acid dragon (D:8)
  11 water moccasins
  3 ice beasts
  An orc warrior (D:8)
  3 black bears
  A sky beast (D:7)
  An ogre (D:7)
  4 wolves (Lair:1)
  A phantom (D:6)
  6 bullfrogs
  3 scorpions
  11 wights
  11 killer bees
  3 howler monkeys (D:7)
  2 gnoll boudas
  3 hounds
  3 iguanas
  2 orc wizards (D:4)
  16 gnolls
  6 adders
  2 white imps
  3 dart slugs
  11 orcs
  5 endoplasms
  4 giant cockroaches
  6 goblins
  5 hobgoblins
  7 jackals
  2 quokkas
  4 ball pythons
  2 bats
  2 frilled lizards
  7 kobolds
  5 rats
238 creatures vanquished.

Notes
Turn   | Place    | Note
-------+----------+-------------------------------------------
     0 | D:1      | GenChuck the Demonspawn Reaver began the quest for the Orb.
     0 | D:1      | Reached XP level 1. HP: 16/16 MP: 3/3
   409 | D:1      | Gained mutation: You have a pair of small horns on your
                  | head. [demonic ancestry]
   409 | D:1      | Reached XP level 2. HP: 22/22 MP: 5/5
   581 | D:2      | Noticed Sigmund
   653 | D:2      | Reached skill level 3 in Maces & Flails
   687 | D:2      | Identified the +0 ring mail "Nuliakkozios" {MP+9 Int-5
                  | Dex+5}
  1432 | D:3      | Reached XP level 3. HP: 27/27 MP: 6/6
  1622 | D:3      | Identified the ring of Deifry {Wiz rC+ rN+ Dex+3 Slay+3}
  2491 | D:4      | Gained mutation: You are partially covered in thin metallic
                  | scales. (AC +2) [demonic ancestry]
  2491 | D:4      | Reached XP level 4. HP: 30/33 MP: 7/7
  2677 | D:4      | Reached skill level 1 in Armour
  2754 | D:4      | Reached skill level 1 in Axes
  2757 | D:4      | Reached XP level 5. HP: 36/37 MP: 8/8
  2874 | D:4      | Reached skill level 1 in Stealth
  2922 | D:4      | Reached skill level 1 in Throwing
  3075 | D:5      | Entered Level 5 of the Dungeon
  3078 | D:5      | Noticed a water moccasin
  3092 | D:5      | Killed a water moccasin
  3093 | D:5      | Gained mutation: You have a pair of horns on your head.
                  | [demonic ancestry]
  3093 | D:5      | Reached XP level 6. HP: 29/42 MP: 9/9
  3437 | D:5      | Noticed a water moccasin
  3487 | D:5      | Gained mutation: A meltable shield of frost defends you.
                  | (SH +4) [demonic ancestry]
  3487 | D:5      | Reached XP level 7. HP: 52/53 MP: 10/10
  3639 | D:5      | Noticed Edmund
  3653 | D:5      | Killed Edmund
  3654 | D:5      | Reached skill level 1 in Shields
  3733 | D:5      | Found a sacrificial altar of Ru.
  3742 | D:5      | Found an ornate altar of the Wu Jian Council.
  3845 | D:5      | Found a snail-covered altar of Cheibriados.
  3845 | D:5      | Found a broken altar of Ashenzari.
  3854 | D:5      | Became a worshipper of Ashenzari the Shackled
  4203 | D:6      | Found a staircase to the Ecumenical Temple.
  4226 | Temple   | Entered the Ecumenical Temple
  4467 | D:6      | Found an iron altar of Okawaru.
  4504 | D:6      | Reached XP level 8. HP: 60/60 MP: 11/11
  4651 | D:6      | Reached skill level 4 in Maces & Flails
  4885 | D:7      | Noticed Maurice
  5035 | D:7      | Reached skill level 5 in Maces & Flails
  5116 | D:7      | Reached skill level 5 in Fighting
  5239 | D:7      | Reached XP level 9. HP: 61/68 MP: 12/12
  5337 | D:7      | Maurice stole 6 boomerangs
  5340 | D:7      | Killed Maurice
  5341 | D:7      | Reached skill level 6 in Maces & Flails
  5385 | D:7      | Found a hazy altar of Hepliaklqana.
  5403 | D:7      | Reached * piety under Ashenzari
  5502 | D:7      | Learned a level 3 spell: Dazzling Flash
  5643 | D:7      | Found a stormy altar of Qazlal.
  5732 | D:7      | Found an opulent altar of Gozag.
  6062 | D:7      | Found an ancient bone altar of Kikubaaqudgha.
  6258 | D:8      | Reached ** piety under Ashenzari
  6277 | D:8      | Found the +0 toga "Victory" {*Victory Clar}
  6310 | D:8      | Reached skill level 7 in Maces & Flails
  6451 | D:8      | Noticed a two-headed ogre
  6463 | D:8      | Killed a two-headed ogre
  6464 | D:8      | Gained mutation: You regenerate magic rapidly. [demonic
                  | ancestry]
  6464 | D:8      | Reached XP level 10. HP: 74/80 MP: 15/15
  6559 | D:8      | Found a radiant altar of Vehumet.
  6880 | D:8      | Reached skill level 8 in Maces & Flails
  6912 | D:8      | Learned a level 1 spell: Shock
  7358 | D:8      | Noticed Joseph
  7368 | D:8      | Killed Joseph
  7521 | D:9      | Reached skill level 5 in Shields
  7821 | D:9      | Reached *** piety under Ashenzari
  7995 | D:9      | Reached skill level 9 in Maces & Flails
  8005 | D:9      | Found a staircase to the Lair.
  8020 | Lair:1   | Entered Level 1 of the Lair of Beasts
  8039 | Lair:1   | Noticed a cane toad
  8046 | Lair:1   | Killed a cane toad
  8102 | Lair:1   | Noticed a cane toad
  8109 | Lair:1   | Killed a cane toad
  8110 | Lair:1   | Gained mutation: When hurt, damage is shared between your
                  | health and your magic reserves. [demonic ancestry]
  8110 | Lair:1   | Reached XP level 11. HP: 89/89 MP: 17/17
  8259 | Lair:1   | Noticed a four-headed hydra
  8276 | Lair:1   | Killed a four-headed hydra
  8278 | Lair:1   | Reached skill level 5 in Dodging
  8399 | Lair:1   | Reached skill level 10 in Maces & Flails
  8448 | Lair:1   | Noticed an oklob plant
  8473 | Lair:1   | Reached **** piety under Ashenzari
  9129 | Lair:2   | Noticed a skyshark
  9169 | Lair:2   | Killed a skyshark
  9196 | Lair:2   | Found a staircase to the Shoals.
  9402 | Lair:2   | Noticed an eight-headed hydra
  9410 | Lair:2   | Killed an eight-headed hydra
  9646 | Lair:2   | Noticed Amaemon
  9767 | Lair:2   | Killed Amaemon
  9768 | Lair:2   | Reached skill level 5 in Armour
 10042 | Lair:2   | Gained mutation: A meltable icy envelope protects you from
                  | harm. (AC +4) [demonic ancestry]
 10042 | Lair:2   | Reached XP level 12. HP: 99/99 MP: 18/18
 10091 | Lair:2   | Found a staircase to the Snake Pit.
 10153 | Lair:2   | Reached ***** piety under Ashenzari
 10530 | Snake:1  | Entered Level 1 of the Snake Pit
 10536 | Snake:1  | Reached skill level 11 in Maces & Flails
 11373 | Snake:1  | Reached skill level 12 in Maces & Flails
 11652 | Snake:1  | Noticed a naga warrior
 11653 | Snake:1  | Noticed an anaconda
 11663 | Snake:1  | Killed an anaconda
 11666 | Snake:1  | Noticed a nagaraja
 11695 | Snake:1  | HP: 3/102 [poisoned by a nagaraja (poison arrow)]
 11696 | Snake:1  | Succumbed to a nagaraja's poison arrow

Illustrated notes

Levels and vault maps discovered:
D:1:      minmay_arrival_three_doors, layout_basic
D:2:      layout_loops_cross, uniq_sigmund
D:3:      layout_loops_corners, serial_bayou_pond_e
D:4:      layout_rooms, chequers_big_river
D:5:      layout_basic, minitemple, gammafunk_temple_overflow_statue,
          uniq_edmund
D:6:      layout_loops_ring, amcnicky_altar_gilded, minmay_temple_entry_grid
D:7:      layout_basic, grunt_temple_overflow_gold_and_silver,
          grunt_qazlal_clouds, general_overflow_altar,
          mainiacjoe_overflow_alcove_1, palyth_stone_intersect, uniq_maurice
D:8:      layout_basic, nicolae_vehumet_radiance, st_stairs_13, uniq_joseph
D:9:      layout_basic, elyvilon_altar_5, lair_entry_dummy,
          gammafunk_ghost_grave, kennysheep_doodads
Temple:   grunt_temple_mini_profane
Lair:1:   layout_gridlike, serial_rivers, chequers_serial_rivers_micro_d,
          chequers_serial_rivers_small_a, chequers_serial_rivers_small_b,
          chequers_serial_rivers_small_3, chequers_serial_rivers_micro_a,
          minmay_lair_oklob_bushes, minivault_11, serial_bayou_pond_b,
          st_stairs_6, serial_bayou_pond_b
Lair:2:   layout_cave_pods, minmay_shoals_entry_hut, alex1729_snake_entry_snake,
          infiniplex_staircase_pool, uniq_amaemon
Snake:1:  layout_misc_corridors

Skill      XL: |  1  2  3  4  5  6  7  8  9 10 11 12 |
---------------+-------------------------------------+-----
Dodging        | 2 3 4 5 6 |  6.4
Maces & Flails | 3 5 7 9 10 12 | 12.2
Armour         | 1 2 3 4 5 |  5.2
Axes           | 1 2 4 |  4.7
Fighting       | 3 4 5 6 7 8 |  8.8
Stealth        | 1 2 3 4 |  4.0
Throwing       | 1 |  1.6
Shields        | 1 3 4 6 8 9 |  9.9
Spellcasting   | |  2.5
Conjurations   | |  3.5
Necromancy     | |  0.6
Evocations     | |  0.8

Action                     |  1- 3 |  4- 6 |  7- 9 | 10-12 || total
---------------------------+-------+-------+-------+-------++-------
  Melee: Mace              |    74 |       |       |       ||    74
         Headbutt          |     5 |    13 |    35 |   128 ||   181
         War axe           |    24 |    67 |    16 |       ||   107
         Punch             |       |     1 |     1 |       ||     2
         Flail             |       |       |   147 |   559 ||   706
  Throw: Boomerang         |       |    15 |       |     2 ||    17
   Cast: Kiss of Death     |       |     3 |     2 |       ||     5
         Dazzling Flash    |       |       |       |     1 ||     1
         Shock             |       |       |       |     1 ||     1
 Invoke: Curse Item        |       |       |     3 |     5 ||     8
  Evoke: Wand              |       |       |       |     7 ||     7
    Use: Scroll            |     2 |     2 |     4 |     1 ||     9
         Potion            |       |       |       |     3 ||     3
   Stab: Sleeping          |     1 |       |     2 |     2 ||     5
         Invisible         |       |       |       |     5 ||     5
 Armour: Leather armour    |    23 |       |       |       ||    23
         Ring mail         |    23 |    51 |    61 |   214 ||   349
  Dodge: Dodged            |    49 |    37 |    41 |   147 ||   274
  Block: Other             |     7 |    13 |       |       ||    20
         Kite shield       |       |       |   161 |   555 ||   716
         Reflection        |       |       |    10 |    17 ||    27

Table legend: (Time is in decaauts)
 A = Elapsed time spent in this place.
 B = Non-inter-level travel time spent in this place.
 C = Inter-level travel time spent in this place.
 D = Time resting spent in this place.
 E = Time spent auto-exploring this place.
 F = Levels seen in this place.
 G = Mean time per level.
                   A        B        C        D        E       F      G
               +--------+--------+--------+--------+--------+-----+--------+
         Total |  11798 |  11292 |    506 |   2650 |   6049 |  13 |  907.5 |
       Dungeon |   7996 |   7550 |    446 |   1260 |   4648 |   9 |  888.4 |
        Temple |    156 |    130 |     26 |      0 |      0 |   1 |  156.0 |
          Lair |   2505 |   2471 |     34 |    693 |   1269 |   2 | 1252.5 |
     Snake Pit |   1139 |   1139 |      0 |    696 |    131 |   1 | 1139.0 |
               +--------+--------+--------+--------+--------+-----+--------+

Top non-repeatable levels by time:
  Lair:2: 1646 daAuts
     D:8: 1314 daAuts
     D:7: 1276 daAuts
 Snake:1: 1139 daAuts
     D:5: 1122 daAuts
     D:3: 1119 daAuts
  Lair:1: 859 daAuts
     D:4: 743 daAuts
     D:1: 660 daAuts
     D:2: 612 daAuts
     D:6: 612 daAuts
     D:9: 533 daAuts
  Temple: 156 daAuts
